 Dungeon Crawl Stone Soup version 0.30.0-29-ga12c61a403 (webtiles) character file.

Game seed: 1034871177330502505

60060 wingedge the Nimble (level 14, -2/169 HPs)
             Began as a Demigod Wanderer on June 3, 2023.
             Succumbed to a green death's bolt of poison
             ... in a Gauntlet on June 4, 2023.
             The game lasted 02:34:40 (24228 turns).

wingedge the Nimble (Demigod Wanderer)             Turns: 24228, Time: 02:34:41

Health: -2/169     AC: 18    Str: 15    XL:     14   Next: 20%
Magic:  31/31      EV: 13    Int: 26    God:
Gold:   871        SH:  0    Dex: 21    Spells: 1/30 levels left

rFire   . . .        a - +6 scimitar
rCold   . . .        (no shield)
rNeg    . . .        H - +2 chain mail {rPois}
rPois   +            K - +2 hat {Stlth+}
rElec   .            G - +0 cloak
rCorr   .            L - +0 pair of gloves
SInv    .            y - +1 pair of boots
Will    +....        t - amulet of regeneration Stlth
                     D - +6 ring of dexterity
HPRegen 1.28/turn    W - ring of wizardry
MPRegen 0.22/turn

%: no teleportation, wizardry (x1)
@: berserking, lethally poisoned (-2 -> -25), studying Dodging, very quick
A: high MP 1, forlorn, divine attributes
a: no special abilities


You were in a Gauntlet.
You visited 4 branches of the dungeon, and saw 18 of its levels.
You also visited: Gauntlet.

You collected 1098 gold pieces.
You spent 227 gold pieces at shops.

Inventory:

Hand Weapons
 a - a +6 scimitar (weapon)
 e - the +10 morningstar "Eos" {elec, Halo rElec}
   (You found it on level 5 of the Lair of Beasts)

   Halo:      It grants its wielder a halo, revealing invisible creatures and
   increasing accuracy against all within it other than the wielder.
   rElec:     It insulates you from electricity.
 A - the +4 morningstar "Zasatut" {antimagic, *Noise rPois rC++ rN+}
   (You found it on level 5 of the Lair of Beasts)

   rC:        It greatly protects you from cold.
   rPois:     It protects you from poison.
   rN:        It protects you from negative energy.
   *Noise:    It may make noises in combat.
Missiles
 B - 47 poisoned darts (quivered)
 E - 6 boomerangs of dispersal
Armour
 q - the +0 leather armour of Doluib {-Tele Rampage Regen+ rCorr}
   (You bought it in a shop on level 2 of the Dungeon)

   -Tele:     It prevents most forms of teleportation.
   Regen:     It increases your rate of health regeneration.
   rCorr:     It protects you from acid and corrosion.
   Rampage:   It bestows one free step when moving towards enemies.
 y - a +1 pair of boots (worn)
 G - a +0 cloak (worn)
 H - a +2 chain mail of poison resistance (worn)
 J - a scarf of shadows
 K - a +2 hat of stealth (worn)
 L - a +0 pair of gloves (worn)
 O - a +0 troll leather armour
 R - +0 steam dragon scales
 T - a +1 robe of resistance
Magical Staves
 d - a staff of death
 f - a staff of fire
 p - a staff of poison
 r - a staff of earth
Jewellery
 i - a ring of willpower
 o - a ring of magical power
 s - a ring of see invisible
 t - an amulet of regeneration (around neck)
 v - a ring of protection from fire
 C - a ring of fire
 D - a +6 ring of dexterity (left hand)
 Q - a ring of positive energy
 W - a ring of wizardry (right hand)
 Z - a ring of protection from cold
Wands
 u - a wand of flame (19)
 N - a wand of iceblast (3)
 P - a wand of digging (16)
 U - a wand of mindburst (2)
Scrolls
 g - 3 scrolls of vulnerability
 h - 3 scrolls of silence
 k - 2 scrolls of teleportation
 F - a scroll of fog
 I - 4 scrolls of amnesia
Potions
 b - 4 potions of ambrosia
 c - 2 potions of might
 j - a potion of haste
 l - 2 potions of mutation
 m - 4 potions of heal wounds
 n - 2 potions of brilliance
 x - a potion of magic
 z - 2 potions of cancellation
 M - 2 potions of degeneration {unknown}
 S - a potion of flight {unknown}
 V - a potion of attraction {unknown}
 X - a potion of curing
 Y - a potion of invisibility


   Skills:
 - Level 7.0 Fighting
 + Level 10.4 Long Blades
 - Level 6.0 Armour
 - Level 11.2 Dodging
 - Level 5.0 Stealth
 * Level 8.9 Spellcasting
 * Level 5.3 Conjurations
 + Level 10.8 Necromancy
 - Level 6.0 Translocations
 - Level 0.4 Transmutations
 - Level 3.0 Fire Magic
 + Level 4.8 Air Magic
 + Level 4.8 Poison Magic
 - Level 1.0 Evocations


You had one spell level left.
You knew the following spells:

 Your Spells              Type           Power      Damage    Failure   Level
a - Foxfire               Conj/Fire      100%       2x1d9     4%          1
b - Iskenderun's Battles  Conj           39%        2d9       56%         5
c - Vampiric Draining     Necr           61%        2d10      1%          3
d - Dispel Undead         Necr           61%        3d21      2%          4
e - Apportation           Tloc           84%        N/A       1%          1
f - Blink                 Tloc           84%        N/A       3%          2
g - Mephitic Cloud        Conj/Pois/Air  37%        N/A       9%          3
h - Manifold Assault      Tloc           42%        N/A       21%         4
i - Death Channel         Necr           30%        N/A       38%         6

Your spell library contained the following spells:

 Spells                   Type           Power      Damage    Failure   Level
 Necrotise                Necr           100%       1d9       1%          1
 Magic Dart               Conj           100%       1d8       2%          1
 Slow                     Hex            44%        N/A       24%         1
 Summon Small Mammal      Summ           44%        N/A       24%         1
 Sublimation of Blood     Necr           61%        N/A       1%          2
 Cigotuvi's Dreadful Rot  Necr/Pois/Air  94%        N/A       2%          2
 Lesser Beckoning         Tloc           84%        N/A       3%          2
 Gell's Gravitas          Tloc           42%        N/A       6%          3
 Teleport Other           Tloc           42%        N/A       6%          3
 Passage of Golubria      Tloc           42%        N/A       21%         4
 Ignite Poison            Fire/Tmut/Pois 25%        N/A       22%         3
 Anguish                  Hex/Necr       19%        N/A       26%         4
 Call Imp                 Summ           22%        N/A       32%         2
 Confusing Touch          Hex            11%        N/A       54%         3
 Irradiate                Conj/Tmut      13%        3d16      86%         5
 Petrify                  Tmut/Erth      12%        N/A       88%         4
 Cause Fear               Hex            5%         N/A       90%         4
 Silence                  Hex/Air        12%        N/A       91%         5
 Iron Shot                Conj/Erth      12%        9d3       100%        6
 Enfeeble                 Hex            5%         N/A       100%        7
 Spellforged Servitor     Conj/Summ      12%        N/A       100%        7
 Storm Form               Tmut/Air       12%        N/A       100%        7
 Lehudib's Crystal Spear  Conj/Erth      12%        10d4      100%        8


Dungeon Overview and Level Annotations

Branches:
Dungeon (10/15)            Temple (1/1) D:4            Lair (5/5) D:8
  Swamp (0/4) Lair:3        Snake (0/4) Lair:2        Slime (0/5) Lair:5
    Orc (2/2) D:9             Elf (0/3) Orc:2       Gauntlet (1/1)

Shops:
D:2 *   D:4 *   Orc:2 ?

Portals:
Abyss: Lair:5

Annotations:
D:6 steam drag Gauntlet 9 transporters, exclusion: 4 lightning spires


Innate Abilities, Weirdness & Mutations

You have an increased reservoir of magic. (+10% MP)
You shall have no god before yourself.
Your divine heritage dramatically boosts your attributes as you level up.


Message History

You feel yourself moving faster!
You feel mighty!
You feel very sick. The green death gestures at you. The poison arrow hits you!
You are more poisoned.
You partially resist.
* * * LOW HITPOINT WARNING * * *
You barely miss the green death.
The green death is lightly wounded.
You feel very sick.
The green death hits you but does no damage.
You slash the green death!
The green death is moderately wounded.
You feel sick.
You slice the green death!!
The green death is heavily wounded.
You feel sick. The green death gestures at you.
The blast of poison engulfs you but does no damage.
You are more poisoned.
You resist.
You barely miss the green death.
The green death is heavily wounded.
You feel very sick.
You slice the green death!!
The green death is severely wounded.
You feel very sick. The green death hits you!!
* * * LOW HITPOINT WARNING * * *
You slash the green death!
The green death is severely wounded.
You feel very sick. The green death gestures at you.
The bolt of poison hits you!
You are lethally poisoned!
You resist.
* * * LOW HITPOINT WARNING * * *
You slice the green death!!
You kill the green death!
You die...

.................................
.................................
######...###########...##########
...ZZ#.8.#...#.#...#.8.#.....#...
...#Z#...#..#...#..#...#[.##..#..
.##..#####/##...##.#####..#..##..
.##..#...#..##○#..##...#..##..#..
©.#..#©.©#©.#.○○°☼○#©.©#©.#.©##..
.##..#...#".##.#@○##...#..##..#..
.##..#####4##..☼##°#####..#..##..
...#.#...#4.#.○.#..#...#..##..#..
.....#...#...#.#...#...#.....#...
######...###########...##########
.......§.............§...........
......≈8≈...........≈8≈........∩.
.......§.............≈...........
######...###########...##########


There were no monsters in sight!

Vanquished Creatures
  A green death (Gauntlet)
  Harold (D:9)
  Erolcha (Orc:1)
  A catoblepas (Lair:3)
  5 hydras
  Erica (D:8)
  A boulder beetle (Lair:5)
  2 two-headed ogres
  A two-headed ogre (shapeshifter) (Lair:5)
  3 thrashing horrors (Lair:5)
  12 death yaks
  Sonja (Orc:1)
  Nergalle (Lair:2)
  2 skysharks
  A fire crab (Lair:3)
  A lindwurm (Lair:4)
  An ugly thing (Lair:5)
  A harpy (shapeshifter) (Lair:5)
  An orc sorcerer (Orc:2)
  9 elephants
  A smoke demon (Lair:5)
  3 black mambas
  An orange demon (Gauntlet)
  12 cane toads
  Maggie (D:8)
  A rime drake (Lair:1)
  A kobold demonologist (D:10)
  An unseen horror (D:10)
  7 komodo dragons
  A troll (D:9)
  A polar bear (Lair:2)
  A tarantella (shapeshifter) (Lair:5)
  2 ancient zymes (Lair:5)
  22 blink frogs
  8 dream sheep
  2 large abominations (Lair:5)
  6 flying skulls (Gauntlet)
  A wraith (D:8)
  A ynoxinul (Lair:5)
  A vampire (D:10)
  3 wyverns
  Grum (D:9)
  A golden eye (shapeshifter) (Lair:5)
  44 yaks
  7 basilisks
  A chaos spawn (Lair:5)
  2 steam dragons
  2 nagas (Lair:2)
  11 water moccasins
  An ice beast (D:3)
  2 orc warriors
  2 sky beasts
  4 black bears
  2 ogres
  8 small abominations (Lair:5)
  4 centaurs
  13 wolves
  5 kobold brigands
  A wyvern zombie (D:7)
  13 bullfrogs
  A scorpion (D:5)
  A gnoll sergeant (D:7)
  2 necrophages (D:7)
  9 wights
  A howler monkey (D:9)
  An electric eel (Lair:5)
  3 centaur zombies (D:7)
  2 hounds (D:7)
  A human zombie (D:7)
  2 orc priests
  A jelly (D:7)
  Natasha (thrice) (D:2)
  4 orc wizards
  2 hell rats (Lair:2)
  3 mummies (D:7)
  A howler monkey zombie (D:7)
  7 adders
  9 gnolls
  8 river rats (Lair:2)
  A shadow imp (D:7)
  2 ufetubi
  3 worms (D:3)
  3 dart slugs
  49 orcs
  9 ball pythons
  4 bats
  2 endoplasms
  2 giant cockroaches
  2 goblins
  7 hobgoblins
  3 quokkas (D:3)
  2 frilled lizards (D:1)
  33 kobolds
  6 rats
437 creatures vanquished.

Vanquished Creatures (collateral kills)
  Snorg (Orc:1)
  2 elephants (Lair:5)
  An orange demon (Gauntlet)
  A komodo dragon (Lair:5)
  A polar bear (Lair:5)
  3 dream sheep (Lair:5)
  6 blink frogs (Lair:5)
  A large abomination (Lair:5)
  3 yaks (Lair:4)
  A basilisk (Lair:5)
  A small abomination (Lair:5)
  An ogre (Orc:1)
  2 wolves (Lair:5)
  A butterfly (Lair:5)
  13 foxfires
38 creatures vanquished.

Vanquished Creatures (others)
  A steam dragon (D:9)
  An orc wizard (Orc:1)
  1290 foxfires
1292 creatures vanquished.

Grand Total: 1767 creatures vanquished

Notes
Turn   | Place    | Note
-------+----------+-------------------------------------------
     0 | D:1      | wingedge the Demigod Wanderer began the quest for the Orb.
     0 | D:1      | wingedge set off with the following items: a +0 long sword,
                  | a +0 helmet, a scroll of fear, a +0 robe; and the following
                  | spell memorised: Foxfire; and the following spells
                  | available to memorise: Ignite Poison.
     0 | D:1      | Reached XP level 1. HP: 14/14 MP: 5/5
   317 | D:1      | Reached skill level 1 in Conjurations
   328 | D:1      | Reached skill level 1 in Fire Magic
   349 | D:1      | Reached XP level 2. HP: 20/20 MP: 5/7
   929 | D:2      | Found Senwaf's Assorted Antiques.
   929 | D:2      | You fall into a shaft and drop 2 floors!
  1011 | D:3      | Noticed an ice beast
  1064 | D:3      | Noticed a black bear
  1247 | D:3      | Reached XP level 3. HP: 26/26 MP: 4/8
  1787 | D:2      | Learned a level 2 spell: Cigotuvi's Dreadful Rot
  1848 | D:2      | Noticed Natasha
  1881 | D:2      | Killed Natasha
  1882 | D:2      | Reached XP level 4. HP: 24/34 MP: 7/9
  2283 | D:2      | Noticed Natasha
  2288 | D:2      | Killed Natasha
  2289 | D:2      | Reached skill level 1 in Fighting
  2350 | D:2      | Noticed Natasha
  2360 | D:2      | Killed Natasha
  2445 | D:2      | Reached skill level 1 in Necromancy
  2834 | D:3      | Killed an ice beast
  2835 | D:3      | Reached skill level 1 in Air Magic
  2835 | D:3      | Reached skill level 1 in Poison Magic
  2835 | D:3      | Reached XP level 5. HP: 38/40 MP: 1/11
  3019 | D:3      | Killed a black bear
  3020 | D:3      | Reached XP level 6. HP: 29/46 MP: 1/12
  3120 | D:3      | Learned a level 3 spell: Vampiric Draining
  3470 | D:4      | Found Bodummats's Assorted Antiques.
  3515 | D:4      | Found a staircase to the Ecumenical Temple.
  3532 | Temple   | Entered the Ecumenical Temple
  3988 | D:2      | Bought a dazzling leather armour for 189 gold pieces
  3988 | D:2      | Identified the +0 leather armour of Doluib {-Tele Rampage
                  | Regen+ rCorr} (You bought it in a shop on level 2 of the
                  | Dungeon)
  4046 | D:5      | Entered Level 5 of the Dungeon
  4533 | D:5      | Reached XP level 7. HP: 42/52 MP: 7/14
  5559 | D:6      | Reached skill level 5 in Spellcasting
  5559 | D:6      | Reached XP level 8. HP: 52/57 MP: 12/19
  6358 | D:6      | Reached skill level 5 in Long Blades
  6914 | D:7      | Reached skill level 5 in Necromancy
  7197 | D:7      | Reached XP level 9. HP: 63/69 MP: 10/21
  7286 | D:7      | Learned a level 4 spell: Dispel Undead
  8352 | D:4      | Bought a scroll labelled CIKYNUUMEA for 20 gold pieces
  8352 | D:4      | Bought a sapphire potion for 18 gold pieces
  8526 | D:8      | Noticed a two-headed ogre
  8554 | D:8      | Killed a two-headed ogre
  8555 | D:8      | Reached skill level 1 in Armour
  8699 | D:8      | Noticed Maggie
  8715 | D:8      | Killed Maggie
  8716 | D:8      | Reached skill level 1 in Dodging
  9003 | D:8      | Noticed an elephant
  9004 | D:8      | Found a staircase to the Lair.
  9021 | D:8      | Reached XP level 10. HP: 71/73 MP: 14/22
  9033 | D:8      | Reached skill level 2 in Dodging
  9034 | D:8      | Killed an elephant
  9156 | D:8      | Reached skill level 3 in Dodging
  9269 | D:8      | Noticed Erica
  9283 | D:8      | Killed Erica
  9718 | D:9      | Noticed Grum
  9754 | D:9      | Reached skill level 4 in Dodging
  9780 | D:9      | Killed Grum
  9976 | D:9      | Reached skill level 5 in Stealth
  9977 | D:9      | Noticed a two-headed ogre
 10040 | D:9      | Killed a two-headed ogre
 10247 | D:9      | Noticed Harold
 10262 | D:9      | Killed Harold
 10263 | D:9      | Reached skill level 5 in Dodging
 10407 | D:9      | Reached XP level 11. HP: 73/84 MP: 18/25
 10712 | D:9      | Found a staircase to the Orcish Mines.
 11132 | D:10     | Entered Level 10 of the Dungeon
 11452 | D:10     | Reached skill level 6 in Dodging
 11599 | D:10     | Learned a level 1 spell: Apportation
 11942 | Lair:1   | Entered Level 1 of the Lair of Beasts
 12075 | Lair:1   | Noticed an eight-headed hydra
 12121 | Lair:1   | Reached skill level 1 in Translocations
 12141 | Lair:1   | Reached skill level 5 in Armour
 12331 | Lair:1   | Reached skill level 7 in Dodging
 12615 | Lair:1   | Learned a level 2 spell: Blink
 12645 | Lair:1   | Noticed a death yak
 12656 | Lair:1   | Noticed a death yak
 12663 | Lair:1   | Noticed a death yak
 13316 | Lair:2   | Learned a level 3 spell: Mephitic Cloud
 13481 | Lair:2   | Found a staircase to the Snake Pit.
 13501 | Lair:2   | Noticed Nergalle
 13606 | Lair:2   | Killed Nergalle
 13844 | Lair:1   | Killed an eight-headed hydra
 13845 | Lair:1   | Reached skill level 8 in Dodging
 13845 | Lair:1   | Reached XP level 12. HP: 32/89 MP: 26/26
 14818 | Lair:3   | Noticed a catoblepas
 15006 | Lair:3   | Killed a catoblepas
 15007 | Lair:3   | Reached skill level 5 in Fighting
 15542 | Lair:3   | Noticed an eight-headed hydra
 15564 | Lair:3   | Killed an eight-headed hydra
 15565 | Lair:3   | Reached skill level 9 in Dodging
 15742 | Lair:3   | Learned a level 4 spell: Manifold Assault
 15831 | Lair:3   | Noticed a six-headed hydra
 15839 | Lair:3   | Killed a six-headed hydra
 16032 | Lair:3   | Noticed a six-headed hydra
 16044 | Lair:3   | Killed a six-headed hydra
 16245 | Lair:3   | Found a staircase to the Swamp.
 17542 | Lair:1   | Reached XP level 13. HP: 77/102 MP: 3/28
 18142 | Lair:4   | Learned a level 6 spell: Death Channel
 18173 | Lair:4   | Reached skill level 10 in Necromancy
 19293 | Lair:5   | Entered Level 5 of the Lair of Beasts
 19440 | Lair:5   | Reached skill level 10 in Dodging
 19440 | Lair:5   | Reached skill level 5 in Translocations
 20255 | Lair:5   | Reached skill level 10 in Long Blades
 20900 | Lair:5   | Identified the +4 morningstar "Zasatut" {antimagic, *Noise
                  | rPois rC++ rN+}
 21421 | Lair:5   | Found a staircase to the Slime Pits.
 21978 | Lair:5   | Reached skill level 11 in Dodging
 22318 | Lair:5   | Found the +10 morningstar "Eos" {elec, Halo rElec}
 22424 | Lair:5   | Reached XP level 14. HP: 111/112 MP: 22/31
 22748 | Lair:5   | Found a one-way gate to the infinite horrors of the Abyss.
 23210 | Orc:1    | Entered Level 1 of the Orcish Mines
 23210 | Orc:1    | Noticed Snorg
 23216 | Orc:1    | Noticed Erolcha
 23218 | Orc:1    | Noticed Sonja
 23239 | Orc:1    | Killed Erolcha
 23240 | Orc:1    | Reached skill level 5 in Conjurations
 23252 | Orc:1    | Killed Sonja
 23261 | Orc:1    | Killed Snorg
 23515 | Orc:2    | Entered Level 2 of the Orcish Mines
 23719 | Orc:2    | Found Orosch Fesis's Magic Scroll Shoppe.
 23754 | Orc:2    | Found a gate leading to a gauntlet.
 23763 | Gauntlet | Entered a Gauntlet
 23763 | Gauntlet | Found a transporter.
 23763 | Gauntlet | Found a transporter.
 23763 | Gauntlet | Found a transporter.
 23776 | Gauntlet | Learned a level 5 spell: Iskenderun's Battlesphere
 23834 | Gauntlet | Found a transporter.
 23852 | Gauntlet | Found a transporter.
 23852 | Gauntlet | Found a transporter.
 23866 | Gauntlet | Found a transporter.
 23866 | Gauntlet | Found the +3 crown of Dyrovepreva {rElec Int+2 SInv}
 23943 | Gauntlet | Found a transporter.
 23945 | Gauntlet | Found a transporter.
 23963 | Gauntlet | Found a transporter.
 23964 | Gauntlet | Found a transporter.
 23979 | Gauntlet | Found a transporter.
 24227 | Gauntlet | HP: 2/169 [green death/bolt of poison (7)]
 24228 | Gauntlet | Succumbed to a green death's bolt of poison

Illustrated notes

Levels and vault maps discovered:
D:1:      noname_arrival_rooms_in_the_neighbourhood, layout_loops_ring,
          hellmonk_ecumenical_altar_crossroads
D:2:      layout_basic, serial_shops, nicolae_diamond_shop, uniq_natasha
D:3:      layout_basic
D:4:      layout_rooms, minitemple, minmay_temple_entry_water_ring,
          serial_shops, nicolae_shop_overgrown_old_shop,
          dreamdust_princess_corridor, kennysheep_decorative_pillar
D:5:      layout_gridville
D:6:      layout_basic
D:7:      layout_loops_ring, lemuel_mausoleum_altar_kikubaaqudgha,
          dreamdust_gnoll_farm
D:8:      layout_loops_corners, david_lair_generic, minmay_manual_mess,
          uniq_maggie, uniq_erica
D:9:      kennysheep_steamy, layout_basic, general_overflow_altar,
          nicolae_overflow_crystal_walls, hiddenorc1_lemuel, uniq_harold,
          uniq_grum
D:10:     layout_roguey, mainiacjoe_overflow_surrounded_room
Temple:   minmay_freezing_vapour_temple
Lair:1:   layout_gridlike, lemuel_fruit_fields
Lair:2:   layout_regular_city, guppyfry_snake_entry_island, minivault_27,
          kennysheep_rathole, uniq_nergalle
Lair:3:   nzn_winding_woodlands_cross [nzn_winding_woodlands_5x15_eye,
          nzn_winding_woodlands_5x15_concentric,
          nzn_winding_woodlands_5x15_sidewinder,
          nzn_winding_woodlands_5x15_sawtooth,
          nzn_winding_woodlands_15x15_five_gardens], layout_small_grid,
          swamp_mist, grunt_megastairs_1
Lair:4:   layout_regular_city, serial_bayou_shore_b, uniq_nessos
Lair:5:   hellmonk_lair_end_abyssal_woods, layout_loops_ring,
          dpeg_slime_entry_enclosed, minivault_27, grunt_megastairs_2,
          lemuel_fruit_fields, serial_bayou_shore_a, uniq_rupert
Orc:1:    cheibrodos_orc_bank, layout_caves, uniq_snorg, uniq_sonja,
          uniq_erolcha
Orc:2:    grunt_orc_tribal_feast, layout_caves, serial_shops,
          nicolae_shop_window_shopping, gauntlet_entry_generic, rock_pile
Gauntlet: gammafunk_gauntlet_hard_choice [gammafunk_gauntlet_arena_spirals,
          gammafunk_gauntlet_arena_teeth, gammafunk_gauntlet_arena_arrow_garden,
          gammafunk_gauntlet_arena_chambers, gammafunk_gauntlet_arena_mazey,
          nicolae_gauntlet_arena_blocks, gauntlet_exit_watery]

Skill      XL: |  1  2  3  4  5  6  7  8  9 10 11 12 13 14 |
---------------+-------------------------------------------+-----
Conjurations   | 1 2 3 4 5 |  5.3
Fire Magic     | 1 2 3 |  3.0
Spellcasting   | 2 3 5 6 7 8 |  8.9
Fighting       | 1 3 4 5 7 |  7.0
Necromancy     | 1 2 4 5 7 8 9 10 | 10.8
Air Magic      | 1 2 4 |  4.8
Poison Magic   | 1 2 4 |  4.8
Long Blades    | 5 6 7 8 9 10 | 10.4
Stealth        | 3 5 |  5.0
Armour         | 2 4 5 6 |  6.0
Dodging        | 1 5 8 9 11 | 11.2
Translocations | 3 4 6 |  6.0
Transmutations | |  0.4
Evocations     | |  1.0

Action                     |  1- 3 |  4- 6 |  7- 9 | 10-12 | 13-15 || total
---------------------------+-------+-------+-------+-------+-------++-------
  Melee: Long sword        |    60 |    28 |       |       |       ||    88
         Punch             |       |     1 |     1 |     6 |     5 ||    13
         Scimitar          |       |       |   134 |   426 |   476 ||  1036
         Staff             |       |       |       |     1 |     2 ||     3
  Throw: Dart              |       |       |     3 |     7 |     3 ||    13
         Javelin           |       |       |       |     1 |       ||     1
         Throwing net      |       |       |       |     2 |     1 ||     3
   Cast: Foxfire           |    66 |    75 |   185 |   355 |    84 ||   765
         Cigotuvi's Dreadf |       |     2 |     8 |     7 |       ||    17
         Vampiric Draining |       |       |     9 |   131 |    88 ||   228
         Dispel Undead     |       |       |    11 |     4 |       ||    15
         Apportation       |       |       |       |    10 |    10 ||    20
         Mephitic Cloud    |       |       |       |     8 |    37 ||    45
         Manifold Assault  |       |       |       |     2 |    83 ||    85
         Death Channel     |       |       |       |       |    21 ||    21
         Iskenderun's Batt |       |       |       |       |     1 ||     1
  Evoke: Wand              |       |       |     1 |    24 |     5 ||    30
    Use: Scroll            |     4 |     4 |    10 |    10 |    10 ||    38
         Potion            |       |       |       |     6 |    14 ||    20
   Stab: Sleeping          |     5 |     2 |     6 |     2 |       ||    15
         Fleeing           |       |       |       |     1 |       ||     1
         Confused          |       |       |       |     4 |    16 ||    20
         Distracted        |       |       |       |       |     1 ||     1
         Invisible         |       |       |       |       |     1 ||     1
 Armour: Robe              |    16 |     3 |       |       |       ||    19
         Leather armour    |       |     1 |    28 |    25 |       ||    54
         Troll leather arm |       |       |       |   123 |   117 ||   240
         Steam dragon scal |       |       |       |     1 |       ||     1
         Chain mail        |       |       |       |       |    12 ||    12
  Dodge: Dodged            |    32 |    24 |    73 |   430 |   407 ||   966
